TOP OF THE 1ST |
Augusta GreenJackets batting - Pitching for Greensboro Grasshoppers : RHP Pat Proctor
|
Pitching: RHP Pat Proctor
|
|
Batting: RHB Ryan Roberts
|
0-0: Ball 1-0: Ground out 6-3 (Groundball, 6, EV 85.6 MPH)
|
Batting: RHB David Bibian
|
0-0: Called Strike 0-1: Ball 1-1: Called Strike 1-2: SINGLE (Groundball, 4MD, EV 96.9 MPH)
|
Batting: LHB Chris West
|
0-0: Ball 1-0: Fly out, F8 (Line Drive, 8LM, EV 93.1 MPH)
|
Batting: RHB Zach Maguire
|
0-0: Foul Ball, location: 2F 0-1: Called Strike 0-2: Foul Ball, location: 2F 0-2: Hit by Pitch David Bibian to second
|
Batting: RHB Vinny Torres
|
0-0: Called Strike 0-1: Foul Ball, location: 2F 0-2: Ball 1-2: Ball Wild Pitch! David Bibian to third Zach Maguire to second 2-2: Ball 3-2: Strikes out looking
|
Top of the 1st over - 0 runs, 1 hit, 0 errors, 2 left on base; Augusta 0 - Greensboro 0 |
BOTTOM OF THE 1ST |
Greensboro Grasshoppers batting - Pitching for Augusta GreenJackets : RHP Mike Flynn
|
Pitching: RHP Mike Flynn
|
|
Batting: RHB Harrie de Kam
|
0-0: Called Strike 0-1: Foul Ball, location: 2F 0-2: Ball 1-2: Ball 2-2: Fly out, F7 (Flyball, 78M, EV 90.6 MPH)
|
Batting: RHB Rafael Irizarry
|
0-0: Swinging Strike 0-1: Foul Ball, location: 2F 0-2: Strikes out swinging
|
Batting: LHB Angelo Estrella
|
0-0: Ball 1-0: Called Strike 1-1: Swinging Strike 1-2: Foul Ball, location: 2F 1-2: Fly out, F9 (Flyball, 89S, EV 83.8 MPH)
|
Bottom of the 1st over - 0 runs, 0 hits, 0 errors, 0 left on base; Augusta 0 - Greensboro 0 |
TOP OF THE 2ND |
Augusta GreenJackets batting - Pitching for Greensboro Grasshoppers : RHP Pat Proctor
|
Batting: RHB Malik Sharpless
|
0-0: Called Strike 0-1: Foul Ball, location: 2F 0-2: Ball 1-2: Ball 2-2: Ball 3-2: Foul Ball, location: 2F 3-2: Strikes out swinging
|
Batting: RHB Jaime Rios
|
0-0: Ball 1-0: Swinging Strike 1-1: Fly out, F2 (Popup, 13S, EV 94.4 MPH)
|
Batting: RHB Noe Oliva
|
0-0: Ball 1-0: Called Strike 1-1: Ground out 6-3 (Groundball, 6, EV 90.6 MPH)
|
Top of the 2nd over - 0 runs, 0 hits, 0 errors, 0 left on base; Augusta 0 - Greensboro 0 |
BOTTOM OF THE 2ND |
Greensboro Grasshoppers batting - Pitching for Augusta GreenJackets : RHP Mike Flynn
|
Batting: LHB Justin Blakely
|
0-0: Swinging Strike 0-1: Ball 1-1: Ball 2-1: Fly out, F6 (Line Drive, 6MD, EV 70.0 MPH)
|
Batting: RHB Chris Alft
|
0-0: Ground out U3 (Groundball, 3, EV 103.1 MPH)
|
Batting: LHB Ryan Thompson
|
0-0: Swinging Strike 0-1: Swinging Strike 0-2: Strikes out swinging
|
Bottom of the 2nd over - 0 runs, 0 hits, 0 errors, 0 left on base; Augusta 0 - Greensboro 0 |
TOP OF THE 3RD |
Augusta GreenJackets batting - Pitching for Greensboro Grasshoppers : RHP Pat Proctor
|
Batting: RHB Harry Dickson
|
0-0: Ball 1-0: Called Strike 1-1: Ground out 2-3 (Groundball, 15S, EV 67.5 MPH)
|
Batting: RHB Ryan Roberts
|
0-0: Foul Ball, location: 2F 0-1: Ball 1-1: Fly out, F5 (Popup, 5, EV 76.9 MPH)
|
Batting: RHB David Bibian
|
0-0: Ball 1-0: Swinging Strike 1-1: Called Strike 1-2: Strikes out looking
|
Top of the 3rd over - 0 runs, 0 hits, 0 errors, 0 left on base; Augusta 0 - Greensboro 0 |
BOTTOM OF THE 3RD |
Greensboro Grasshoppers batting - Pitching for Augusta GreenJackets : RHP Mike Flynn
|
Batting: RHB Dennis Coppolino
|
0-0: Ball 1-0: Ball 2-0: Ball 3-0: Called Strike 3-1: Swinging Strike 3-2: Strikes out looking
|
Batting: RHB J.D. Vander Klok
|
0-0: Ball 1-0: Ground out 5-3 (Groundball, 56S, EV 67.5 MPH)
|
Batting: RHB Nick Dunton
|
0-0: Swinging Strike 0-1: Ball 1-1: Called Strike 1-2: Strikes out swinging
|
Bottom of the 3rd over - 0 runs, 0 hits, 0 errors, 0 left on base; Augusta 0 - Greensboro 0 |
TOP OF THE 4TH |
Augusta GreenJackets batting - Pitching for Greensboro Grasshoppers : RHP Pat Proctor
|
Batting: LHB Chris West
|
0-0: Swinging Strike 0-1: Called Strike 0-2: Strikes out swinging
|
Batting: RHB Zach Maguire
|
0-0: Ball 1-0: Fly out, F7 (Flyball, 7LM, EV 91.9 MPH)
|
Batting: RHB Vinny Torres
|
0-0: Ball 1-0: Called Strike 1-1: Foul Ball, location: 2F 1-2: Foul Ball, location: 2F 1-2: Strikes out swinging
|
Top of the 4th over - 0 runs, 0 hits, 0 errors, 0 left on base; Augusta 0 - Greensboro 0 |
BOTTOM OF THE 4TH |
Greensboro Grasshoppers batting - Pitching for Augusta GreenJackets : RHP Mike Flynn
|
Batting: RHB Harrie de Kam
|
0-0: Called Strike 0-1: Foul Ball, location: 2F 0-2: Ball 1-2: Ball 2-2: Strikes out swinging
|
Batting: RHB Rafael Irizarry
|
0-0: Foul Ball, location: 2F 0-1: SINGLE (Groundball, 56D, EV 105.0 MPH)
|
Batting: LHB Angelo Estrella
|
0-0: Called Strike 0-1: Foul Ball, location: 2F 0-2: SINGLE (Line Drive, 34, EV 99.4 MPH) Rafael Irizarry to second Rafael Irizarry to third
|
Batting: LHB Justin Blakely
|
0-0: Grounds into double play, 5-4-3 (Groundball, 56, EV 95.6 MPH)
|
Bottom of the 4th over - 0 runs, 2 hits, 0 errors, 1 left on base; Augusta 0 - Greensboro 0 |
TOP OF THE 5TH |
Augusta GreenJackets batting - Pitching for Greensboro Grasshoppers : RHP Pat Proctor
|
Batting: RHB Malik Sharpless
|
0-0: SINGLE (Groundball, 6MD, EV 100.6 MPH)
|
Batting: RHB Jaime Rios
|
0-0: Called Strike 0-1: Swinging Strike 0-2: Foul Ball, location: 2F 0-2: Ball 1-2: Foul Ball, location: 2F 1-2: Fielders Choice at 2nd, 2-4 (Groundball, 15S, EV 64.4 MPH)
|
Batting: RHB Noe Oliva
|
0-0: Ball 1-0: Called Strike Jaime Rios steals 2nd base 1-1: Ball 2-1: Ball 3-1: Swinging Strike 3-2: Strikes out swinging
|
Batting: RHB Harry Dickson
|
0-0: Ground out 6-3 (Groundball, P, EV 78.1 MPH)
|
Top of the 5th over - 0 runs, 1 hit, 0 errors, 1 left on base; Augusta 0 - Greensboro 0 |
BOTTOM OF THE 5TH |
Greensboro Grasshoppers batting - Pitching for Augusta GreenJackets : RHP Mike Flynn
|
Batting: RHB Chris Alft
|
0-0: Swinging Strike 0-1: Called Strike 0-2: Ball 1-2: Strikes out swinging
|
Batting: LHB Ryan Thompson
|
0-0: Swinging Strike 0-1: Foul Ball, location: 2F 0-2: Strikes out looking
|
Batting: RHB Dennis Coppolino
|
0-0: Called Strike 0-1: Ball 1-1: Ball 2-1: Ball 3-1: Foul Ball, location: 2F 3-2: Reached on error, E4 (Groundball, 4, EV 88.1 MPH)
|
Batting: RHB J.D. Vander Klok
|
0-0: Fielders Choice at 2nd, 5-4 (Groundball, 56, EV 77.5 MPH)
|
Bottom of the 5th over - 0 runs, 0 hits, 1 error, 1 left on base; Augusta 0 - Greensboro 0 |
TOP OF THE 6TH |
Augusta GreenJackets batting - Pitching for Greensboro Grasshoppers : RHP Pat Proctor
|
Batting: RHB Ryan Roberts
|
0-0: Swinging Strike 0-1: Ball 1-1: Called Strike 1-2: Ball 2-2: Ball 3-2: Base on Balls
|
Batting: RHB David Bibian
|
0-0: Ball 1-0: Foul Ball, location: 2F 1-1: Ball 2-1: Ball 3-1: Base on Balls Ryan Roberts to second
|
Batting: LHB Chris West
|
0-0: Ball 1-0: Called Strike 1-1: Swinging Strike 1-2: Foul Ball, location: 2F 1-2: Ball 2-2: Strikes out swinging
|
Pitching: RHP Bill Padgett
|
|
Batting: RHB Zach Maguire
|
0-0: Foul Ball, location: 2F 0-1: Foul Ball, location: 2F 0-2: Foul Ball, location: 2F 0-2: Reached on error, E6 (Groundball, 56, EV 81.2 MPH) Ryan Roberts to third David Bibian to second
|
Batting: RHB Vinny Torres
|
0-0: Ball 1-0: Ground out 3-1 (Groundball, 13, EV 86.9 MPH) Ryan Roberts scores David Bibian to third Zach Maguire to second
|
Batting: RHB Malik Sharpless
|
0-0: Foul Ball, location: 2F 0-1: Ball 1-1: Ball 2-1: Swinging Strike 2-2: Ball 3-2: DOUBLE (Line Drive, 7LS, EV 90.6 MPH) David Bibian scores Zach Maguire scores
|
Batting: RHB Jaime Rios
|
0-0: Ball 1-0: Foul Ball, location: 2F 1-1: Called Strike 1-2: Foul Ball, location: 2F 1-2: Ball 2-2: Strikes out looking
|
Top of the 6th over - 3 runs, 1 hit, 1 error, 1 left on base; Augusta 3 - Greensboro 0 |
BOTTOM OF THE 6TH |
Greensboro Grasshoppers batting - Pitching for Augusta GreenJackets : RHP Mike Flynn
|
Batting: RHB Nick Dunton
|
0-0: Ball 1-0: Swinging Strike 1-1: Ball 2-1: Ball 3-1: Base on Balls
|
Pitching: RHP Kevin Spencer
|
|
Batting: RHB Harrie de Kam
|
0-0: Ball Passed Ball! Nick Dunton to second 1-0: SINGLE (Groundball, P, EV 87.5 MPH) (infield hit) Nick Dunton to third
|
Batting: RHB Rafael Irizarry
|
0-0: Called Strike 0-1: Foul Ball, location: 2F 0-2: Ball 1-2: Strikes out swinging
|
Batting: LHB Angelo Estrella
|
0-0: Ball Passed Ball! Nick Dunton scores Harrie de Kam to second 1-0: SINGLE (Groundball, 34D, EV 106.2 MPH) (infield hit) Harrie de Kam to third
|
Batting: LHB Justin Blakely
|
0-0: Ball 1-0: Foul Ball, location: 2F 1-1: Called Strike 1-2: Strikes out looking
|
Batting: RHB Chris Alft
|
0-0: Ball 1-0: Ball Passed Ball! Harrie de Kam scores Angelo Estrella to second 2-0: Ball Wild Pitch! Angelo Estrella to third 3-0: Called Strike 3-1: DOUBLE (Line Drive, 9LS, EV 95.0 MPH) Angelo Estrella scores
|
Batting: LHB Ryan Thompson
|
0-0: Swinging Strike 0-1: Foul Ball, location: 2F 0-2: Strikes out swinging, 2-3 out at first.
|
Bottom of the 6th over - 3 runs, 3 hits, 0 errors, 1 left on base; Augusta 3 - Greensboro 3 |
TOP OF THE 7TH |
Augusta GreenJackets batting - Pitching for Greensboro Grasshoppers : RHP Bill Padgett
|
Pitching: RHP Joe Lynn
|
|
Batting: RHB Noe Oliva
|
0-0: Ball 1-0: Called Strike 1-1: Ball 2-1: Foul Ball, location: 2F 2-2: Strikes out looking
|
Batting: RHB Harry Dickson
|
0-0: Called Strike 0-1: Ball 1-1: Ball 2-1: SINGLE (Groundball, 6MD, EV 95.6 MPH)
|
Batting: RHB Ryan Roberts
|
0-0: Called Strike 0-1: Ball 1-1: Called Strike 1-2: Strikes out swinging
|
Batting: RHB David Bibian
|
0-0: Foul Ball, location: 2F 0-1: Foul Ball, location: 2F 0-2: Ball 1-2: Ball Harry Dickson is caught stealing 2nd base 2-4
|
Top of the 7th over - 0 runs, 1 hit, 0 errors, 0 left on base; Augusta 3 - Greensboro 3 |
BOTTOM OF THE 7TH |
Greensboro Grasshoppers batting - Pitching for Augusta GreenJackets : RHP Kevin Spencer
|
Pitching: LHP Christian Rogers
|
|
Batting: RHB Dennis Coppolino
|
0-0: Swinging Strike 0-1: Foul Ball, location: 2F 0-2: Foul Ball, location: 2F 0-2: Foul Ball, location: 2F 0-2: Ball 1-2: Strikes out swinging
|
Batting: RHB J.D. Vander Klok
|
0-0: Ball 1-0: Ball 2-0: Foul Ball, location: 2F 2-1: Foul Ball, location: 2F 2-2: Ball 3-2: Strikes out swinging
|
Batting: RHB Nick Dunton
|
0-0: Called Strike 0-1: Ball 1-1: Swinging Strike 1-2: Ball 2-2: Strikes out swinging
|
Bottom of the 7th over - 0 runs, 0 hits, 0 errors, 0 left on base; Augusta 3 - Greensboro 3 |
TOP OF THE 8TH |
Augusta GreenJackets batting - Pitching for Greensboro Grasshoppers : RHP Joe Lynn
|
Pitching: RHP Mike Yorke
|
|
Batting: RHB David Bibian
|
0-0: SINGLE (Groundball, 56S, EV 58.8 MPH) (infield hit)
|
Batting: LHB Chris West
|
0-0: Ball 1-0: Called Strike 1-1: Ball 2-1: Foul Ball, location: 2F 2-2: Ball 3-2: Fly out, F9 (Line Drive, 9S, EV 90.6 MPH)
|
Batting: RHB Zach Maguire
|
0-0: Called Strike 0-1: Swinging Strike 0-2: Foul Ball, location: 2F 0-2: Strikes out swinging
|
Batting: RHB Vinny Torres
|
0-0: Swinging Strike 0-1: Called Strike 0-2: Strikes out swinging
|
Top of the 8th over - 0 runs, 1 hit, 0 errors, 1 left on base; Augusta 3 - Greensboro 3 |
BOTTOM OF THE 8TH |
Greensboro Grasshoppers batting - Pitching for Augusta GreenJackets : LHP Christian Rogers
|
Pitching: RHP Eddie Ramirez
|
|
Batting: RHB Harrie de Kam
|
0-0: Foul Ball, location: 2F 0-1: Foul Ball, location: 2F 0-2: Ball 1-2: Ball 2-2: Strikes out looking
|
Batting: RHB Rafael Irizarry
|
0-0: Ball 1-0: Called Strike 1-1: Ball 2-1: Ball 3-1: Foul Ball, location: 2F 3-2: Foul Ball, location: 2F 3-2: Foul Ball, location: 2F 3-2: SINGLE (Flyball, 9S, EV 91.2 MPH)
|
Batting: LHB Angelo Estrella
|
0-0: Ball Rafael Irizarry is caught stealing 2nd base 2-6 1-0: Called Strike 1-1: Foul Ball, location: 2F 1-2: Ball 2-2: Ground out 1-3 (Groundball, 15, EV 75.0 MPH)
|
Bottom of the 8th over - 0 runs, 1 hit, 0 errors, 0 left on base; Augusta 3 - Greensboro 3 |
TOP OF THE 9TH |
Augusta GreenJackets batting - Pitching for Greensboro Grasshoppers : RHP Mike Yorke
|
Pitching: RHP Felix Moreno
|
|
Batting: RHB Malik Sharpless
|
0-0: Ball 1-0: Foul Ball, location: 2F 1-1: Ball 2-1: Foul Ball, location: 2F 2-2: Strikes out looking
|
Batting: RHB Jaime Rios
|
0-0: Called Strike 0-1: Foul Ball, location: 2F 0-2: Strikes out swinging
|
Batting: RHB Noe Oliva
|
0-0: Swinging Strike 0-1: Swinging Strike 0-2: Foul Ball, location: 2F 0-2: Hit by Pitch
|
Batting: RHB Harry Dickson
|
0-0: Swinging Strike 0-1: Ball 1-1: Swinging Strike 1-2: Foul Ball, location: 2F 1-2: Strikes out swinging
|
Top of the 9th over - 0 runs, 0 hits, 0 errors, 1 left on base; Augusta 3 - Greensboro 3 |
BOTTOM OF THE 9TH |
Greensboro Grasshoppers batting - Pitching for Augusta GreenJackets : RHP Eddie Ramirez
|
Pitching: RHP Sam Drews
|
|
Batting: LHB Justin Blakely
|
0-0: Called Strike 0-1: DOUBLE (Groundball, 3L, EV 99.4 MPH)
|
Batting: RHB Chris Alft
|
0-0: Called Strike 0-1: Swinging Strike Passed Ball! Justin Blakely to third 0-2: Strikes out swinging
|
Batting: LHB Ryan Thompson
|
0-0: Intentional Walk
|
Batting: RHB Dennis Coppolino
|
0-0: Ball 1-0: Foul Ball, location: 2F 1-1: Called Strike Ryan Thompson steals 2nd base (no throw) 1-2: Strikes out swinging
|
Batting: RHB J.D. Vander Klok
|
0-0: Ball Wild Pitch! Justin Blakely scores
|
Bottom of the 9th over - 1 run, 1 hit, 0 errors, 1 left on base; Augusta 3 - Greensboro 4 |
|